 Dungeon Crawl Stone Soup version 0.29.1-13-g9f3cf754e1 (webtiles) character file.

Game seed: 4717800642848545293

66 Saba the Shooter (level 4, -3/28 HPs)
             Began as a Gargoyle Hunter on Feb 8, 2023.
             Slain by a gnoll
             ... wielding a +0 flail
              (5 damage)
             ... on level 2 of the Dungeon.
             The game lasted 00:01:31 (1336 turns).

Saba the Shooter (Gargoyle Hunter)                  Turns: 1336, Time: 00:01:32

Health: -3/28      AC:  8    Str: 15    XL:     4   Next: 15%
Magic:  4/4        EV: 11    Int:  9    God:
Gold:   83         SH:  0    Dex: 15    Spells: 3/3 levels left

rFire   . . .      SeeInvis .   a - +0 shortbow
rCold   . . .      Faith    .   (shield currently unavailable)
rNeg    + . .      Spirit   .   g - +0 ring mail
rPois   ∞          Reflect  .   (no helmet)
rElec   +          Harm     .   (no cloak)
rCorr   .          Rampage  .   (no gloves)
Will    .....                   (no boots)
Stlth   +.........              (no amulet)
HPRegen 0.09/turn               (no ring)
MPRegen 0.09/turn               (no ring)

@: flying
A: sickness immunity, AC +3, negative energy resistance 1, electricity
resistance, torment resistance 1, petrification resistance
a: no special abilities


You were on level 2 of the Dungeon.
You visited 1 branch of the dungeon, and saw 2 of its levels.

You collected 83 gold pieces.

Inventory:

Hand Weapons
 a - a +0 shortbow (weapon)
Armour
 g - a +0 ring mail (worn)
Scrolls
 b - a scroll of immolation
 d - 3 scrolls of identify {unknown}
 e - a scroll of amnesia {unknown}


   Skills:
 + Level 3.2 Fighting
 * Level 5.1 Ranged Weapons
 - Level 1.5 Dodging
 - Level 1.1 Stealth


You had 3 spell levels left.
You didn't know any spells.
Your spell library was empty.

Dungeon Overview and Level Annotations

Branches:
Dungeon (2/15)

Altars:

Shops:
D:1 ?   D:2 [


Innate Abilities, Weirdness & Mutations

You are immune to sickness and miasma.
Your stone body is resilient. (AC +3)
You are immune to poison.
You resist negative energy. (rN+)
You are resistant to electric shocks. (rElec)
You are resistant to unholy torment.
You are immune to petrification.


Message History

The gnoll is moderately wounded.
There are monsters nearby!
You shoot an arrow. The arrow hits the gnoll.
The gnoll is severely wounded.
There are monsters nearby!
You shoot an arrow. The arrow closely misses the gnoll.
A gnoll is nearby!
You shoot an arrow. The arrow hits the gnoll.
The gnoll is almost dead.
You shoot an arrow. The arrow barely misses the gnoll.
The gnoll closely misses you.
You shoot an arrow. The arrow hits the gnoll.
You kill the gnoll!
You have reached level 4!
You feel stronger.
You shoot an arrow.
The arrow hits the gnoll but does no damage.
The gnoll hits you with a +0 flail! x2
You are too injured to fight recklessly!
You are too injured to fight recklessly!
You are too injured to fight recklessly!
You are too injured to fight recklessly!
You are too injured to fight recklessly!
You are too injured to fight recklessly!
Fire: a) +0 shortbow
Press: ? - help, Q - select action Shift-Dir - straight line, f/p - gnoll
Aim: a gnoll, wielding a +0 flail (65% to hit)
You shoot an arrow. The arrow hits the gnoll.
The gnoll is moderately wounded.
The gnoll hits you with a +0 flail!
* * * LOW HITPOINT WARNING * * *
The gnoll attacks as you move away! The gnoll hits you with a +0 flail.
* * * LOW HITPOINT WARNING * * *
It was a potion of flight.
You feel very buoyant.
You fly up into the air.
The gnoll hits you with a +0 flail.
* * * LOW HITPOINT WARNING * * *
The gnoll attacks as you move away! The gnoll closely misses you.
The gnoll attacks as you move away! The gnoll hits you with a +0 flail.
You die...

##......#.# ##.......# ##.
...####.#.# #.....##(# ##..
#..####.#.# #.###.##.###...
..........#########.# #....).....
#..####.###.........###.##.###.#.
#..####.# #.....#..........# #.##
........# #........##..###.# #.##
######### #[.....g.##..###.# #...
#.....@..##......# ####
###.########.##### # #.#
#.......# # ##.# #.......# ####
#.<# #.......# #... #.##
#.......# #.## #.# #.......# #.#
#.# #.......# #.# #.# #.......#
#.#


You could see a gnoll.

Vanquished Creatures
  2 gnolls
  2 adders
  A worm (D:2)
  2 endoplasms
  2 giant cockroaches (D:1)
  4 goblins (D:1)
  3 hobgoblins
  2 quokkas (D:1)
  4 ball pythons
  2 bats
  A frilled lizard (D:1)
  2 kobolds
27 creatures vanquished.

Notes
Turn   | Place    | Note
-------+----------+-------------------------------------------
     0 | D:1      | Saba the Gargoyle Hunter began the quest for the Orb.
     0 | D:1      | Reached XP level 1. HP: 12/12 MP: 1/1
    26 | D:1      | Reached XP level 2. HP: 18/18 MP: 2/2
   171 | D:1      | Found Laumec's Magic Scroll Emporium.
   350 | D:1      | Reached XP level 3. HP: 22/22 MP: 3/3
   791 | D:1      | Found a faded altar of an unknown god.
  1012 | D:2      | Found Tarirph's Armour Emporium.
  1276 | D:1      | Reached skill level 5 in Ranged Weapons
  1323 | D:2      | Reached XP level 4. HP: 28/28 MP: 4/4
  1327 | D:2      | HP: 1/28 [gnoll/+0 flail (2)]
  1336 | D:2      | Slain by a gnoll

Illustrated notes

Levels and vault maps discovered:
D:1:      dpeg_arrival_fog, layout_loops_ring,
          shapermc_ecumenical_altar_mp_urbaneastern, serial_shops, shop
D:2:      layout_loops_cross, serial_shops, shop

Skill      XL: |  1  2  3 |
---------------+----------+-----
Fighting       | 3 |  3.2
Ranged Weapons | 5 |  5.1
Dodging        | |  1.5
Stealth        | |  1.1

Action                   |  1- 3 |  4- 6 || total
-------------------------+-------+-------++-------
 Fire: Shortbow          |   101 |     2 ||   103
  Use: Potion            |       |     1 ||     1
Armor: Leather armour    |     6 |       ||     6
       Ring mail         |    17 |       ||    17
Dodge: Dodged            |    34 |     1 ||    35
